 Dungeon Crawl Stone Soup version 0.27-a0-77-gd04b7445b5 (webtiles) character file.

Game seed: 16716505598786936033

807 hehateme the Changer (level 7, -2/63 (72) HPs)
             Began as an Ogre Transmuter on Jan 13, 2021.
             Was an Initiate of Okawaru.
             Slain by a wight
             ... wielding a +3 halberd
              (3 damage)
             ... on level 5 of the Dungeon.
             The game lasted 00:14:19 (9647 turns).

hehateme the Changer (Ogre Transmuter)              Turns: 9647, Time: 00:14:20

HP:   -2/63 (72)    AC:  3    Str: 15    XL:     7   Next: 92%
MP:   21/21         EV: 10    Int: 16    God:    Okawaru [......]
Gold: 306           SH:  0    Dex:  9    Spells: 7/13 levels left

rFire    . . .     SeeInvis +     - Unarmed
rCold    . . .     Faith    .   (no shield)
rNeg     . . .     Spirit   .   a - +0 robe
rPois    .         Reflect  .   (helmet currently unavailable)
rElec    .         Harm     .   (no cloak)
rCorr    .         Rampage  .   (gloves unavailable)
Will     .....                  (boots unavailable)
Stlth    +.........             (no amulet)
HPRegen  0.20/turn              e - ring of magical power {MP+9}
MPRegen  0.17/turn              S - ring of see invisible

@: appendages, heavily drained
A: large, unfitting armour, horns 2, talons 2, tough skin 1
a: End Transformation, Renounce Religion


You were on level 5 of the Dungeon.
You worshipped Okawaru.
Okawaru was noncommittal.
You had grown temporary horns.
You had grown temporary talons.
You visited 2 branches of the dungeon, and saw 6 of its levels.

You collected 306 gold pieces.

Inventory:

Hand Weapons
 g - a +0 dagger
 z - a +0 hunting sling
Missiles
 f - 159 stones
 k - 7 javelins
 r - 104 bolts
 u - 10 poisoned darts (quivered)
 v - 24 sling bullets
 Q - 35 arrows
Armour
 a - a +0 robe (worn)
Jewellery
 e - a ring of magical power (left hand) {MP+9}
 S - a ring of see invisible (right hand)
Wands
 n - a wand of polymorph (11)
 E - a wand of acid (8)
Scrolls
 b - a scroll of fear {unknown}
 c - 2 scrolls of remove curse
 i - 5 scrolls of identify
 l - a scroll of amnesia {unknown}
 p - a scroll of noise {unknown}
 q - a scroll of random uselessness {unknown}
 s - a scroll of immolation {unknown}
 t - 3 scrolls of teleportation
 w - 2 scrolls of enchant armour {unknown}
 x - a scroll of blinking {unknown}
 y - a scroll of magic mapping {unknown}
 C - a scroll of holy word {unknown}
Potions
 d - 4 potions of curing {unknown}
 h - 2 potions of invisibility {unknown}
 j - a potion of resistance
 m - a potion of might {unknown}
 o - 3 potions of magic
 A - a potion of mutation {unknown}
 B - a potion of attraction {unknown}
 D - a potion of lignification {unknown}


   Skills:
 + Level 5.3 Fighting
 - Level 1.7 Dodging
 - Level 4.5 Unarmed Combat
 - Level 3.8 Spellcasting
 * Level 5.4 Transmutations


You had 7 spell levels left.
You knew the following spells:

 Your Spells              Type           Power        Failure   Level
a - Beastly Appendage     Tmut           40%          1%          1
b - Wereblood             Tmut           20%          2%          2
c - Spider Form           Tmut/Pois      5%           17%         3

Your spell library contained the following spells:

 Spells                   Type           Power        Failure   Level
 Animate Skeleton         Necr           6%           17%         1
 Pain                     Necr           12%          17%         1
 Vampiric Draining        Necr           1%           45%         3
 Blade Hands              Tmut           10%          45%         5
 Ice Form                 Ice/Tmut       11%          50%         4
 Animate Dead             Necr           1%           86%         4
 Agony                    Necr           3%           99%         5


Dungeon Overview and Level Annotations

Branches:
Dungeon (5/15)             Temple (1/1) D:5

Altars:
Ashenzari
Cheibriados
Dithmenos
Elyvilon
Fedhas
Gozag
Hepliaklqana
Nemelex Xobeh
Okawaru
Qazlal
Ru
Sif Muna
Trog
Uskayaw
Vehumet
Wu Jian
Xom
Yredelemnul
Zin
The Shining One


Innate Abilities, Weirdness & Mutations

You are too large for most types of armour.
You have tough skin. (AC +1)
You have a pair of horns on your head.
You have razor-sharp toenails.


Message History

You hit the wight but do no damage. The wight misses you.
Unknown command.
You hit the wight but do no damage. The wight hits you with a +3 halberd!
* * * LOW HITPOINT WARNING * * *
You take 12 damage, and have 26/65 hp.
You closely miss the wight. You claw the wight, but do no damage.
You headbutt the wight, but do no damage.
Unknown command.
You hit the wight but do no damage.
You headbutt the wight, but do no damage.
The wight hits you with a +3 halberd!
* * * LOW HITPOINT WARNING * * *
You take 7 damage, and have 20/65 hp.
You hit the wight but do no damage. The wight hits you with a +3 halberd!
* * * LOW HITPOINT WARNING * * *
You take 12 damage, and have 8/65 hp.
You hit the wight. The wight hits you with a +3 halberd!
* * * LOW HITPOINT WARNING * * *
You feel drained.
You die...

.......#....#...........#.....#
.......'....')...########.....#
.......############ #.....#
####..............# #.....#
...#..............# #.....#
...#..............# #.....#
...'..............# #.....#
...#..............# #######
#..#...........z@.#
#..#....#########.########
...#....######...<.......#
...#....##...#...........#
#.##....##._.#####.).....#
#.#......#...#...........#
..#......#.ยง.#....########
..#......#...#....#
..#......##.##....#

Skill      XL: |  1  2  3  4  5  6  7 |
---------------+----------------------+-----
Transmutations | 2 3 4 5 |  5.4
Unarmed Combat | 3 4 |  4.5
Fighting       | 2 3 5 |  5.3
Spellcasting   | 3 |  3.8
Dodging        | |  1.7

Notes
Turn   | Place    | Note
-------+----------+-------------------------------------------
     0 | D:1      | hehateme the Ogre Transmuter began the quest for the Orb.
     0 | D:1      | Reached XP level 1. HP: 19/19 MP: 3/3
   336 | D:1      | Reached skill level 2 in Transmutations
   423 | D:1      | Reached XP level 2. HP: 23/27 MP: 3/5
   777 | D:1      | Reached skill level 3 in Unarmed Combat
   803 | D:1      | Reached XP level 3. HP: 13/35 MP: 7/7
   809 | D:1      | Reached skill level 2 in Fighting
  1181 | D:2      | Found a blossoming altar of Fedhas.
  1181 | D:2      | Found a sacrificial altar of Ru.
  1475 | D:2      | Noticed an ogre
  1947 | D:2      | Learned a level 2 spell: Wereblood
  1951 | D:2      | Learned a level 3 spell: Spider Form
  2314 | D:2      | Reached XP level 4. HP: 33/42 MP: 6/8
  2333 | D:2      | Reached skill level 3 in Spellcasting
  2753 | D:2      | Found a snail-covered altar of Cheibriados.
  3078 | D:2      | Found an ornate altar of the Wu Jian Council.
  3351 | D:3      | Found a sparkling altar of Nemelex Xobeh.
  3753 | D:3      | Reached XP level 5. HP: 50/50 MP: 9/9
  3771 | D:3      | Found a white marble altar of Elyvilon.
  3773 | D:3      | Found a shimmering altar of Xom.
  3778 | D:3      | Found a shimmering blue altar of Sif Muna.
  3883 | D:3      | Reached skill level 3 in Transmutations
  4280 | D:3      | Noticed Terence
  4287 | D:3      | Noticed Terence
  4287 | D:3      | Terence changed into Terence the giant cockroach
  4291 | D:3      | Killed Terence the giant cockroach
  4333 | D:3      | Reached skill level 3 in Fighting
  4392 | D:3      | Found a stormy altar of Qazlal.
  5074 | D:4      | Noticed an ogre
  5087 | D:4      | Reached skill level 4 in Unarmed Combat
  5087 | D:4      | Reached XP level 6. HP: 57/61 MP: 11/11
  5783 | D:4      | Found a basalt altar of Yredelemnul.
  6069 | D:4      | Found a sparkling altar of Nemelex Xobeh.
  6159 | D:5      | Entered Level 5 of the Dungeon
  6324 | D:5      | Reached skill level 4 in Transmutations
  6669 | D:4      | Reached XP level 7. HP: 47/68 MP: 12/12
  6775 | D:5      | Found a staircase to the Ecumenical Temple.
  6782 | Temple   | Entered the Ecumenical Temple
  6849 | Temple   | Became a worshipper of Warmaster Okawaru
  7187 | D:5      | Reached skill level 4 in Fighting
  8494 | D:5      | Found a bloodstained altar of Trog.
  8705 | D:4      | Reached skill level 5 in Fighting
  8705 | D:4      | Reached skill level 5 in Transmutations
  9646 | D:5      | HP: 8/65 [wight/+3 halberd (12)]
  9647 | D:5      | HP: 1/65 [wight/+3 halberd (7)]
  9647 | D:5      | Slain by a wight

Table legend: (Time is in decaauts)
 A = Elapsed time spent in this place.
 B = Non-inter-level travel time spent in this place.
 C = Inter-level travel time spent in this place.
 D = Time resting spent in this place.
 E = Time spent auto-exploring this place.
 F = Levels seen in this place.
 G = Mean time per level.
                   A        B        C        D        E       F      G
               +--------+--------+--------+--------+--------+-----+--------+
         Total |   9652 |   9312 |    340 |   2971 |   4721 |   6 | 1608.7 |
       Dungeon |   9572 |   9251 |    321 |   2971 |   4662 |   5 | 1914.4 |
        Temple |     80 |     61 |     19 |      0 |     59 |   1 |   80.0 |
               +--------+--------+--------+--------+--------+-----+--------+

Top non-repeatable levels by time:
     D:4: 3224 daAuts
     D:2: 1849 daAuts
     D:3: 1581 daAuts
     D:5: 1495 daAuts
     D:1: 1420 daAuts
  Temple: 80 daAuts

Table legend:
 A = Kills in this place as a percentage of kills in entire the game.
 B = Kills by you in this place as a percentage of kills by you in the entire game.
 C = Kills by friends in this place as a percentage of kills by friends in the entire game.
 D = Other kills in this place as a percentage of other kills in the entire game.
 E = Experience gained in this place as a percentage of experience gained in the entire game.
 F = Experience gained in this place divided by the number of levels of this place that you have seen.
                   A       B       C       D       E      F
               +-------+-------+-------+-------+-------+----------------------
         Total | 100.0 | 100.0 |   N/A |   N/A | 100.0 | 192.2
       Dungeon | 100.0 | 100.0 |   N/A |   N/A | 100.0 | 230.6
               +-------+-------+-------+-------+-------+----------------------

Action                   |  1- 3 |  4- 6 |  7- 9 || total
-------------------------+-------+-------+-------++-------
Melee: Unarmed           |   102 |   166 |    82 ||   350
       Kick              |    15 |    21 |    10 ||    46
       Headbutt          |    10 |     7 |    10 ||    27
Throw: Stone             |    25 |     7 |     2 ||    34
       Javelin           |     2 |    16 |       ||    18
       Dart              |       |       |     7 ||     7
 Cast: Beastly Appendage |    21 |    19 |     7 ||    47
       Spider Form       |       |    16 |     4 ||    20
       Wereblood         |       |     2 |     3 ||     5
Evoke: Wand              |       |     3 |       ||     3
  Use: Scroll            |       |     4 |       ||     4
Armor: Robe              |    34 |    29 |     6 ||    69
       Skin              |       |     3 |       ||     3
Dodge: Dodged            |    63 |   113 |    59 ||   235

Vanquished Creatures
  An ogre (D:4)
  A centaur (D:5)
  A scorpion (D:4)
  3 wights
  A howler monkey (D:5)
  A hound (D:4)
  An orc priest (D:5)
  A centaur skeleton (D:4)
  2 orc wizards
  An iguana (D:5)
  A worker ant (D:4)
  A howler monkey zombie (D:5)
  4 gnolls (D:3)
  7 adders
  3 oozes
  An adder zombie (D:5)
  3 worms
  6 dart slugs
  A leopard gecko (D:4)
  8 orcs
  2 ball pythons
  8 bats
  2 giant cockroaches (D:3)
  8 goblins
  8 hobgoblins
  4 jackals (D:5)
  2 quokkas
  2 frilled lizards
  6 kobolds
  12 rats
102 creatures vanquished. You could see a wight.

Levels and vault maps discovered:
D:1:      saegor_arrival_simple_b, layout_loops_cross, minmay_pentomino_u4
D:2:      layout_basic, nzn_wu_jian_council_hall, cheibriados_altar_1,
          grunt_temple_overflow_open, serial_forest,
          infiniplex_forest_straight_4, infiniplex_forest_lined_room_2,
          infiniplex_forest_straight_4, infiniplex_forest_straight_3,
          infiniplex_forest_fountain
D:3:      layout_loops_ring, nemelex_xobeh_ov_fountains_minmay, minitemple,
          lemuel_coloured_pillars_altar, guppyfry_early_lair_pool, uniq_terence
D:4:      layout_basic, nicolae_overflow_hidden_temple,
          nemelex_lonely_heart_becter
D:5:      layout_gridville, minmay_temple_entry_mist, trog_book
Temple:   zaba_magenta_temple
